Cogmind - Beta 16 --- EXPLORER MODE // 2025.12.18 @ 09:11:45 Player: K.K.Y. Result: Destroyed by WG-GLP(R) with Subdweller Machine Gun Performance ------------- Evolutions (0) 0 Regions Visited (3) 600 Robots Destroyed (36) 180 Value Destroyed (777) 777 Prototype IDs (0) 0 Alien Tech Used (0) 0 Bonus (25) 25 TOTAL SCORE: 1582 Bonus ------- Follower Combat Kills 25 Cogmind --------- Core Integrity 0/250 Matter 300/300 Energy 160/160 System Corruption 0% Temperature Cool (20) Movement Core (650) Ox12 Location -10/Subcaves Parts ------- > --- POWER (1) -------- Light Nuclear Core > --- PROPULSION (2) --- (None) > --- UTILITY (3) ------ Large Storage Unit Core Shielding Hardened Light Armor Plating > --- WEAPON (2) ------- Subdweller Beam Cannon > --- INVENTORY (15) --- Improved Heat Sink Weight Redist. System Structural Scanner Faulty Experimental Sensor Array Improved Terrain Scanner Utility Shielding Subdweller Laser Mining Laser Multitool Peak State ------------ > --- POWER ------------ Light Nuclear Core > --- PROPULSION ------- (None) > --- UTILITY ---------- Large Storage Unit Core Shielding Hardened Light Armor Plating > --- WEAPON ----------- Particle Gun Subdweller Beam Cannon > --- INVENTORY -------- Improved Heat Sink Weight Redist. System Structural Scanner Experimental Sensor Array Improved Terrain Scanner Utility Shielding Subdweller Laser Mining Laser Multitool [Rating: 13] Favorites ----------- Power Ion Engine Engine Ion Engine Power Core Light Nuclear Core Propulsion Light Treads Treads Light Treads Utility Core Shielding Device Sensor Array Storage Large Storage Unit Protection Core Shielding Weapon Assault Rifle Energy Gun Particle Gun Energy Cannon Subdweller Beam Cannon Ballistic Gun Assault Rifle Build | -11 -10 -10 -10 ------- Run | Yrd Mat Min Sub Slots Evolved 1 | . 1 . . Power . | . . . . Propulsion . | . . . . Utility 1 | . 1 . . Weapon . | . . . . Parts Attached 17 | 7 2 2 6 Power 3 | 1 . 1 1 Engine 2 | 1 . 1 . Core 1 | . . . 1 Reactor . | . . . . Propulsion 3 | 2 . 1 . Treads 3 | 2 . 1 . Leg . | . . . . Wheel . | . . . . Hover . | . . . . Flight . | . . . . Utility 5 | 2 2 . 1 Device 1 | . 1 . . Storage 2 | 1 1 . . Processor . | . . . . Hackware . | . . . . Protection 2 | 1 . . 1 Artifact . | . . . . Weapon 6 | 2 . . 4 Energy Gun 3 | . . . 3 Energy Cannon 1 | . . . 1 Ballistic Gun 2 | 2 . . . Ballistic Cannon . | . . . . Launcher . | . . . . Special Weapon . | . . . . Impact Weapon . | . . . . Slashing Weapon . | . . . . Piercing Weapon . | . . . . Special Melee Weapon . | . . . . Unidentified Prototypes . | . . . . Parts Lost 9 | . . . 9 Power 1 | . . . 1 Propulsion 2 | . . . 2 Utility 1 | . . . 1 Weapon 5 | . . . 5 Highest Loss Streak 6 | . . . 6 To Critical Strikes 1 | . . . 1 Average Backups 9 | . 7 10 10 Power . | . . 1 . Propulsion . | . . . . Utility 5 | . 4 6 6 Weapon 2 | . 2 3 2 Tool/Special . | . . . . Unused Backups 9 | . . . 9 Power . | . . . . Propulsion . | . . . . Utility 6 | . . . 6 Weapon 2 | . . . 2 Tool/Special 1 | . . . 1 Average Slot Usage (%) 88 | . 98 100 76 Engine 7 | . 12 12 3 Core 3 | . . . 6 Treads 17 | . 25 25 10 Device 8 | . 10 12 5 Storage 12 | . 12 12 12 Protection 15 | . 12 12 19 Energy Gun 3 | . . . 7 Ballistic Gun 16 | . 25 25 8 Peak Build Rating 13 | 7 10 11 13 Average Rating 10 | 6 8 10 11 On Entrance 7 | . 7 10 11 Avg Prop Armor Cover (%) . | . . . . Naked Turns . | . . . . Heaviest Build 42 | 20 31 31 42 Greatest Support 40 | 40 40 40 40 Greatest Overweight (x) 13 | 3 . . 13 Average Overweight (x) 1 | . . . 2 Largest Inventory Capacity 15 | 10 15 15 15 Average Capacity 14 | 9 12 15 15 Most Carried 13 | 5 10 12 13 Average Carried 9 | . 7 10 10 Final Capacity 15 | 10 15 15 15 Final Carried 12 | 2 10 12 9 Class Distribution -------------------- 100% | Hacker-Mutant Dominant Class ---------------- Hacker-Mutant | -10/Materials Hacker-Mutant | -10/Mines Hacker-Mutant | -10/Subcaves Resources | -11 -10 -10 -10 ----------- Run | Yrd Mat Min Sub Matter Collected 793 | 348 236 104 105 Remotely . | . . . . Salvage Created 1254 | 228 464 186 376 Parts 84 | 20 27 10 27 Haulers Intercepted 1 | . 1 . . Recyclers Shooed . | . . . . Parts Field Recycled . | . . . . Retrieved Matter . | . . . . Parts Self-Destructed . | . . . . Prevented . | . . . . Parts Restored . | . . . . Kills | -11 -10 -10 -10 ------- Run | Yrd Mat Min Sub Combat Hostiles Destroyed 20 | . 6 3 11 Guns 20 | . 6 3 11 Classes Destroyed 8 | 3 3 . 2 Worker 2 | 2 . . . Builder 3 | . 2 1 . Tunneler 7 | 5 . 2 . Hauler 1 | . 1 . . Recycler 3 | 1 2 . . Swarmer 4 | . . . 4 Grunt 9 | . 6 3 . Subdweller 7 | . . . 7 Best Kill Streak 6 | 3 3 2 6 Combat Bots Only 6 | . 1 2 6 Max Kills in Single Turn 2 | 2 2 1 1 Gunslinging . | . . . . Exploded . | . . . . Melee . | . . . . Uniques/NPCs Destroyed . | . . . . Combat | -11 -10 -10 -10 -------- Run | Yrd Mat Min Sub Hostile Shots Fired 167 | . 36 11 120 Missed 55 | . 11 5 39 Hits 112 | . 25 6 81 Projectile 112 | . 25 6 81 AOE 7 | . . . 7 Critical Strikes 8 | . 4 . 4 Actively Blocked 2 | . . . 2 Damage Taken 1262 | . 227 56 979 Core 260 | . 26 . 234 Absorbed by Shields . | . . . . Redirected to Shielding 43 | . 4 . 39 Ignored by Resistances 703 | . 139 33 531 Core Remaining (%) 100 | 100 . . . Volleys Fired 109 | 13 36 15 45 Largest 2 | 2 2 2 2 Hottest 145 | 40 40 40 145 Shots Fired 185 | 26 72 30 57 Gun 180 | 26 72 30 52 Cannon 5 | . . . 5 Launcher . | . . . . Special . | . . . . Kinetic 151 | 26 72 30 23 Thermal 34 | . . . 34 Explosive . | . . . . Electromagnetic . | . . . . Robot Hit Streak 67 | 22 21 48 67 Robot Miss Streak 2 | . 2 . 1 Penetration Max . | . . . . Secondary Targets 2 | . . 1 1 Max Gunslinging Chain 1 | . . 1 1 Shots Hit Robots 154 | 22 58 27 47 Core Hits 61 | 9 22 12 18 Critical Kills 1 | . . 1 . Critical Parts Destroyed . | . . . . Critical Strikes 2 | . . 1 1 Burn 1 | . . . 1 Destroy 1 | . . 1 . Melee Attacks . | . . . . Impact . | . . . . Slashing . | . . . . Piercing . | . . . . Sneak Attacks . | . . . . Combat Hostiles . | . . . . Follow-up Attacks . | . . . . Damage Inflicted 2067 | 295 755 331 686 Guns 2025 | 295 755 317 658 Cannons 28 | . . . 28 Explosions . | . . . . Melee . | . . . . Ramming 14 | . . 14 . Kinetic 1645 | 295 755 317 278 Thermal 408 | . . . 408 Explosive . | . . . . Electromagnetic . | . . . . Impact . | . . . . Slashing . | . . . . Piercing . | . . . . Highest Corruption . | . . . . Average Corruption . | . . . . Corruption Purged . | . . . . Corruption Blocked . | . . . . Overload Shots . | . . . . Overflow Damage . | . . . . Projectiles . | . . . . Explosions . | . . . . Melee . | . . . . Knockbacks . | . . . . Impact . | . . . . Kinetic . | . . . . Secondary . | . . . . Self-Inflicted Damage . | . . . . Shots . | . . . . Rammed 2 | . . 2 . Targets Rammed 3 | . . 3 . Kicked . | . . . . Crushed 1 | . . 1 . Highest Temperature 45 | . 23 2 45 Average Temperature 13 | . 8 2 16 Received Heat Transfer 444 | . 225 51 168 Siege Activations . | . . . . Martial Activations . | . . . . Shielding Activations . | . . . . Robots Disrupted . | . . . . Combat Hostiles . | . . . . Robots Corrupted . | . . . . Combat Hostiles . | . . . . Parts Fried . | . . . . Impact Corruptions . | . . . . Robots Melted . | . . . . Combat Hostiles . | . . . . Parts Melted 2 | . . . 2 Heat Transferred 1036 | . . . 1036 Parts Sabotaged . | . . . . Parts Stolen . | . . . . Parts Stripped . | . . . . Power Chain Reactions . | . . . . Alert | -11 -10 -10 -10 ------- Run | Yrd Mat Min Sub Maximum Alert Level . | . . . . Low Security (%) 100 | 100 100 100 . Level 1 . | . . . . Level 2 . | . . . . Level 3 . | . . . . Level 4 . | . . . . Level 5 . | . . . . High Security . | . . . . Max Security . | . . . . Peak Influence 37 | 15 35 37 . Initial . | . . . . Average 2 | 2 3 1 . Influence Increases 489 | 40 192 117 140 Destroy 0b10 Robot/C 280 | . 120 80 80 Destroy 0b10 Robot/NC 80 | 40 25 15 . Destroy Leader 52 | . 32 20 . Allied During Kill 2 | . . 2 . Lose Combat Pursuer 75 | . 15 . 60 Influence Decreases 489 | 40 192 117 140 Time Decay 449 | 40 192 97 120 Lost Part 20 | . . . 20 Lost Ally 20 | . . 20 . Squads Dispatched . | . . . . Investigation . | . . . . Extermination . | . . . . Reinforcement . | . . . . Assault . | . . . . Garrison . | . . . . Intercept . | . . . . Searches Triggered . | . . . . Construction Impeded . | . . . . Haulers Reinforced . | . . . . Active Scanning Responses . | . . . . Cargo Convoy Interrupts . | . . . . Stealth | -11 -10 -10 -10 --------- Run | Yrd Mat Min Sub Distress Signals 1 | . 1 . . Communications Jammed . | . . . . Distress Signals . | . . . . Times Spotted 30 | . 9 4 17 Peak Tracking Total 9 | . 2 2 9 Tactical Retreats 3 | . 1 . 2 Traps | -11 -10 -10 -10 ------- Run | Yrd Mat Min Sub Traps Triggered 3 | . . . 3 Indirectly . | . . . . Trap Hack Attempts . | . . . . Triggered . | . . . . Disarmed . | . . . . Reprogrammed . | . . . . Reused . | . . . . Traps Extracted . | . . . . Installed . | . . . . Triggered . | . . . . Machines | -11 -10 -10 -10 ---------- Run | Yrd Mat Min Sub Machines Disabled . | . . . . Max in Single Turn . | . . . . Machines Repaired . | . . . . Machines Dismantled . | . . . . Machines Sabotaged . | . . . . Overloaded Fab Kills . | . . . . Hacking | -11 -10 -10 -10 --------- Run | Yrd Mat Min Sub Machines Accessed 1 | . . . 1 Terminals . | . . . . Fabricators . | . . . . Repair Stations . | . . . . Recycling Units . | . . . . Scanalyzers . | . . . . Garrison Access . | . . . . Total Hacks 4 | . . . 4 Successful 4 | . . . 4 Failed . | . . . . Catastrophic . | . . . . Database Lockouts . | . . . . Manual . | . . . . Terminals . | . . . . Fabricators . | . . . . Repair Stations . | . . . . Recycling Units . | . . . . Scanalyzers . | . . . . Garrison Access . | . . . . Terminal Hacks 4 | . . . 4 Record 4 | . . . 4 Fabricator Hacks . | . . . . Repair Station Hacks . | . . . . Recycling Unit Hacks . | . . . . Scanalyzer . | . . . . Garrison Access Hacks . | . . . . Unauthorized Hacks . | . . . . Terminals . | . . . . Fabricators . | . . . . Repair Stations . | . . . . Recycling Units . | . . . . Scanalyzers . | . . . . Garrison Access . | . . . . Data Cores Recovered . | . . . . Used . | . . . . Hacking Detections . | . . . . Full Trace Events . | . . . . Feedback Events . | . . . . Feedback Blocked . | . . . . Robot Schematics Acquired . | . . . . Robots Built . | . . . . Authchips . | . . . . Time . | . . . . Total Robot Build Rating . | . . . . Part Schematics Acquired . | . . . . Parts Built . | . . . . Authchips . | . . . . Time . | . . . . Total Part Build Rating . | . . . . Part Studies Acquired . | . . . . Parts Repaired . | . . . . Time . | . . . . Parts Recycled . | . . . . Recycled Matter . | . . . . Retrieved Matter . | . . . . Retrieved Components . | . . . . Parts Scanalyzed . | . . . . Part Schematics Acquired . | . . . . Parts Damaged . | . . . . Bothacking | -11 -10 -10 -10 ------------ Run | Yrd Mat Min Sub Used RIF Installer . | . . . . Robots Hacked . | . . . . Non-combat . | . . . . Combat . | . . . . Robot Hacks Applied . | . . . . Relay Couplers Released . | . . . . Fabnet Peak Effective % . | . . . . Robots Rewired . | . . . . Allies Hacked . | . . . . Hacks Repelled . | . . . . Allies | -11 -10 -10 -10 -------- Run | Yrd Mat Min Sub Total Allies 3 | . . 3 . Largest Group 3 | . . 3 1 Highest-Rated Group 40 | . . 40 16 Highest-Rated Ally 16 | . . 16 16 Total Orders . | . . . . Ally Attacks 11 | . . 11 . Total Damage 112 | . . 112 . Kills 1 | . . 1 . Allies Corrupted . | . . . . Allies Melted . | . . . . Intel | -11 -10 -10 -10 ------- Run | Yrd Mat Min Sub Active Infowar (turns) 3516 | . 874 1542 1100 Sensors 3516 | . 874 1542 1100 Robot Analysis Total . | . . . . Derelict Logs Recovered 3 | . . 2 1 Drone Launches . | . . . . Drone Recoveries . | . . . . Exploration | -11 -10 -10 -10 ------------- Run | Yrd Mat Min Sub Turns Passed 5295 | 209 1003 1542 2541 Spaces Moved 2430 | 109 552 901 868 Core 249 | 22 . . 227 Treads 2181 | 87 552 901 641 Legs . | . . . . Wheels . | . . . . Hover . | . . . . Flight . | . . . . Fastest Speed 50 | 50 160 160 160 Average Speed 201 | 143 160 160 279 Slowest Speed 700 | 200 160 160 700 Overloaded Moves . | . . . . Propulsion Burnouts . | . . . . Robots Hopped . | . . . . Potential Cave-ins . | . . . . Cave-ins Triggered . | . . . . Exploration Rate (%) 59 | 5 94 99 39 Regions Visited 3 Branch Regions 2 Pre-discovered Areas 4 | . . 2 2 Known Exits Taken 3 | 1 1 1 . Unknown Exits Taken . | . . . . Scrap Searched 1 | . . 1 . Spaces Dug . | . . . . Terrain Destroyed . | . . . . Melee . | . . . . Projectile . | . . . . AOE . | . . . . Terrain Rammed . | . . . . Walls Destroyed . | . . . . Machines Disabled . | . . . . Actions | -11 -10 -10 -10 --------- Run | Yrd Mat Min Sub Total 2628 | 135 600 970 923 Wait 45 | . . 44 1 Move 2427 | 108 551 900 868 Hop . | . . . . Pick Up 24 | 7 10 4 3 Fast Attach 2 | 2 . . . Attach 12 | 5 1 . 6 Detach . | . . . . Swap 3 | . 1 2 . Drop 3 | . 1 2 . Fire 109 | 13 36 15 45 Melee . | . . . . Ram . | . . . . Kick . | . . . . Crush 3 | . . 3 . Escape Stasis . | . . . . Rewire . | . . . . Trap . | . . . . Miscellaneous . | . . . . Route ------- -11/Scrapyard -10/Materials (discovered 5 exits: *Mat x2 / *Min x2 / *Sub) -10/Mines (discovered 4 exits: *Mat x2 / *Exi / *Sub) -10/Subcaves (discovered 1 exit: *Mat) History --------- Turn | Location | Event 13 | -11/Scrapyard | Identified exit to Materials 13 | -11/Scrapyard | Discovered exit to Materials (range 16) 210 | -11/Scrapyard | Entered Materials 210 | -10/Materials | Evolved 1 slot: Utility x1 306 | -10/Materials | Build established: Hacker-Mutant 324 | -10/Materials | Met 8R-AWN 437 | -10/Materials | Identified exit to Mines 437 | -10/Materials | Discovered exit to Mines (range 9) 817 | -10/Materials | Identified exit to Materials 817 | -10/Materials | Discovered exit to Materials (range 9) 884 | -10/Materials | Identified exit to Subcaves 884 | -10/Materials | Discovered exit to Subcaves (range 8) 1012 | -10/Materials | Discovered exit to Materials (range 16) 1157 | -10/Materials | Discovered exit to Mines (range 15) 1213 | -10/Materials | Entered Mines 1215 | -10/Mines | Followed 8R-AWN into the Mines 1216 | -10/Mines | Met a Derelict bent on vengeance 1469 | -10/Mines | Learned location of Zion (-7) 1525 | -10/Mines | Identified exit to Exiles 1525 | -10/Mines | Discovered exit to Exiles (range 5) 1567 | -10/Mines | Discovered exit to Materials (range 12) 1628 | -10/Mines | Assisted by bots powering up and referring to "LRC-V3" 1688 | -10/Mines | Learned location of Storage (-9) 2310 | -10/Mines | Found a damaged Exp. Sensor Array with a note attached 2313 | -10/Mines | Found Prototype Device 2724 | -10/Mines | Discovered exit to Subcaves (range 9) 2755 | -10/Mines | Entered Subcaves 2755 | -10/Subcaves | Accompanied by 1 ally 2939 | -10/Subcaves | Shifting Twisted Machinery released Piercing Trap 3038 | -10/Subcaves | Shifting Twisted Machinery released Shrapnel Trap 3040 | -10/Subcaves | Shifting Twisted Machinery released Sub. Beam Cannon 3125 | -10/Subcaves | Learned location of Mines (-9) 3238 | -10/Subcaves | A swath of the cavern ceiling suddenly collapsed 3461 | -10/Subcaves | Ambushed by Subdweller buried in earth 3461 | -10/Subcaves | Ambushed by Subdweller buried in earth 3799 | -10/Subcaves | Visited Clippyterm 3804 | -10/Subcaves | Learned location of Deep Caves (-7) 3811 | -10/Subcaves | Identified exit to Materials 3811 | -10/Subcaves | Discovered exit to Materials (range 15) 3840 | -10/Subcaves | Ambushed by Subdweller buried in earth 3841 | -10/Subcaves | Core integrity fell below 50% 3842 | -10/Subcaves | Ambushed by Subdweller buried in earth 3857 | -10/Subcaves | Core integrity fell below 20% 3899 | -10/Subcaves | Lost 6 parts (2n1u3w) 3934 | -10/Subcaves | A swath of the cavern ceiling suddenly collapsed 5288 | -10/Subcaves | Visited 4L-MR0's lab 5296 | -10/Subcaves | Destroyed by WG-GLP(R) with Subdweller Machine Gun Last Messages --------------- 03871_ PZ-E82(R) destroyed. 03873_ S-10 Pest suffers critical hit (Burn). 03873_ S-10 Pest destroyed. 03919_ Subatomizers dissect the Lgt. Assault Rifle. A swath of the cavern ceiling suddenly collapses. 04036_ Subatomizers dissect the Disposable Heat Sink. 04047_ Acquired 15 matter. 04049_ Subatomizers dissect the Disposable Heat Sink. 04163_ Subatomizers dissect the Disposable Heat Sink, destroying it. 04173_ Subatomizers dissect the Lgt. Assault Rifle. 04755_ Acquired Sub. Beam Cannon. 04942_ Acquired Sub. Laser. 05096_ Acquired 10 matter. 05288_ Particle Gun destroyed. Map ----- +----------------------------------------------------+ | ??????????????## ""#?? | | ???????????????## ### | | ???????????????### #" % | | ??????????????## #### "% | | ??????????????# ### &! "# | | ??????????????# ## % &! | | ??????????????# ## *%*%& | | ??????????????# #"" ! | | ???????????????# ##" """ | | ???????????????# ######% # | | ???????????????# #??## # | | ???????????????# #?##" ## | | ???????????????# ### #?# ##? | | ???????????????# ##??#### #?? | | ??????????????## ##????# "##? | | ??????????????# ###??# ""#? | | ??????????????# " #### "##? | | ??????????????# " " " ## " ##? | | ??????????????# " %" ##"" #? | | ??????????????# " " " "" ## | | ????#########?# "##### """ # | | ???## << << #### ##### "" # | | ???#<< < <<< ### ## " "" "" | | ???# < <<< < ## % """ | | ???#<< < ## | | ????##<@<##" # ## | | ?????##/##### ## ######## | | ?????? "??# #" ##???#### # | | ??????RR"??# #??????### | | ????? R""#?# #####?????? | | ????? X"#?# #" #### ###???? | | ????# ""#?##### ### ##??? | | ????#"#""#?????# "# #??? | | ????#!#""??????## #??? | | ????##??????????# #??? | | ????????????????## #??? | | ?????????????????# #??? | | ????????????????## ##?? | | ???????????????## #?? | | ???????????????# ##### & #?? | | ???????????????# ##???#&%& ##?? | | ???????????????# #????#!& #??? | | ??????????????# #????## #??? | | ??????????????# #?????# #??? | | ??????????????## ##????## #??? | | ???????????????##?????## #??? | | ??????????????????????# ###??? | | ??????????????????????## #????? | | ???????????????????????#" #????? | | ??????????????????????# "##????? | +----------------------------------------------------+ Best States ------------- Heat Dissipation 25 Energy Generation 14 Energy Capacity 250 Matter Stores 300 Matter Capacity 300 Sight Range 16 Robot Scan Range 14 Terrain Scan Density 10 Armor Coverage 150 Resistance: KI 35 Resistance: TH 35 Resistance: EX 35 Resistance: EM 35 Resistance: I 35 Resistance: S 35 Resistance: P 35 Core Shielding 20 Evasion (%) 40 Recoil Reduction 2 Offensive Hacking 20 Item Schematics ----------------- None Robot Schematics ------------------ None Fabricated ------------ Nothing Repaired ---------- Nothing Studied --------- None Alien Tech Used ----------------- None Achievements -------------- None Challenges ------------ None Game ------ Seed TowerLightningRailgun Manual? 0 Play Time 00:15:03 Cumulative 205.0 hours Start 2025.12.18 @ 08:57:34 End 2025.12.18 @ 09:11:45 Sessions 1 Manual Loads 0 Difficulty Explorer Special Mode None Game No. 311 Rogue 0 Adventurer 0 Explorer 311 Win Type - Total 0 Types 0/0/0/0/0/0/0/0/0/0 Lore% 71 Gallery% 67 Achievement% 53 Wizard Run 0 Options --------- Layout 1 ASCII 0 Keyboard 0 Movement Mouse Keybinds 0 Fullscreen 1 Font 24/Smallcaps Map View 50x35 Zoom Use 0% Tactical HUD 1 Map Filters NONE Filters NONE Steam 1 RUN: 6e302add-6616-4a27-b355-729534b53e0c